TOP OF THE 1ST |
Scranton Supernovas batting - Pitching for Port Royal Disaster : LHP Wayne Downey
|
Pitching: LHP Wayne Downey
|
|
Batting: LHB Tony Vega
|
0-0: Swinging Strike 0-1: Ball 1-1: Foul Ball, location: 2F 1-2: Ball 2-2: Fly out, F3 (Popup, 4S)
|
Batting: SHB Alonso Solís
|
0-0: Called Strike 0-1: Swinging Strike 0-2: Strikes out looking
|
Batting: RHB Ethan Stanford
|
0-0: Called Strike 0-1: Foul Ball, location: 2F 0-2: Ball 1-2: Foul Ball, location: 2F 1-2: Ball 2-2: DOUBLE (Line Drive, 5D)
|
Batting: RHB Martín Álvarez
|
0-0: Ball 1-0: Foul Ball, location: 2F 1-1: Called Strike 1-2: Foul Ball, location: 2F 1-2: Strikes out looking
|
Top of the 1st over - 0 run(s), 1 hit(s), 0 error(s), 1 left on base; Scranton 0 - Port Royal 0 |
BOTTOM OF THE 1ST |
Port Royal Disaster batting - Pitching for Scranton Supernovas : RHP Victor Brey
|
Pitching: RHP Victor Brey
|
|
Batting: RHB Manuel Becerra
|
0-0: Ball 1-0: Swinging Strike 1-1: Ball 2-1: Fly out, F3 (Popup, 3D)
|
Batting: RHB Sergio Martínez
|
0-0: Ball 1-0: Ball 2-0: Fly out, F9 (Flyball, 89S)
|
Batting: RHB David Gómez
|
0-0: Ball 1-0: Foul Ball, location: 2F 1-1: Ball 2-1: Ball 3-1: Base on Balls
|
Batting: LHB Jason Potter
|
0-0: Ground out 1-3 (Groundball, 15)
|
Bottom of the 1st over - 0 run(s), 0 hit(s), 0 error(s), 1 left on base; Scranton 0 - Port Royal 0 |
TOP OF THE 2ND |
Scranton Supernovas batting - Pitching for Port Royal Disaster : LHP Wayne Downey
|
Batting: RHB Brad Jacobson
|
0-0: Called Strike 0-1: Foul Ball, location: 2F 0-2: Ball 1-2: Fly out, F3 (Popup, 3SF)
|
Batting: LHB Francisco Ortega
|
0-0: Foul Ball, location: 2F 0-1: Ball 1-1: Fly out, F7 (Flyball, 78D)
|
Batting: RHB Henrique Shearman
|
0-0: Fly out, F9 (Flyball, 89M)
|
Top of the 2nd over - 0 run(s), 0 hit(s), 0 error(s), 0 left on base; Scranton 0 - Port Royal 0 |
BOTTOM OF THE 2ND |
Port Royal Disaster batting - Pitching for Scranton Supernovas : RHP Victor Brey
|
Batting: RHB José Carlos Pérez
|
0-0: Called Strike 0-1: Ground out 5-3 (Groundball, 5)
|
Batting: RHB Ronnie Cleveland
|
0-0: Foul Ball, location: 2F 0-1: Called Strike 0-2: Ball 1-2: Ground out 6-3 (Groundball, 6M)
|
Batting: RHB David McJannett
|
0-0: Called Strike 0-1: Swinging Strike 0-2: Ball 1-2: Ground out 1-3 (Groundball, 15S)
|
Bottom of the 2nd over - 0 run(s), 0 hit(s), 0 error(s), 0 left on base; Scranton 0 - Port Royal 0 |
TOP OF THE 3RD |
Scranton Supernovas batting - Pitching for Port Royal Disaster : LHP Wayne Downey
|
Batting: LHB Neal Hart
|
0-0: Foul Ball, location: 2F 0-1: Ball 1-1: DOUBLE (Flyball, 9LM)
|
Batting: RHB Chris Henderson
|
0-0: Swinging Strike 0-1: Foul Ball, location: 2F 0-2: Ball 1-2: Ball 2-2: Ball 3-2: Strikes out swinging
|
Batting: LHB Tony Vega
|
0-0: Called Strike 0-1: Ball 1-1: Ball 2-1: Swinging Strike 2-2: Fly out, F7 (Flyball, 78M)
|
Batting: SHB Alonso Solís
|
0-0: Ball 1-0: Foul Ball, location: 2F 1-1: Foul Ball, location: 2F 1-2: Ball 2-2: Foul Ball, location: 2F 2-2: Strikes out swinging
|
Top of the 3rd over - 0 run(s), 1 hit(s), 0 error(s), 1 left on base; Scranton 0 - Port Royal 0 |
BOTTOM OF THE 3RD |
Port Royal Disaster batting - Pitching for Scranton Supernovas : RHP Victor Brey
|
Batting: RHB Brandon Cooper
|
0-0: Called Strike 0-1: Ball 1-1: Ball 2-1: Foul Ball, location: 2F 2-2: Ground out 6-3 (Groundball, 6)
|
Batting: RHB Mark O'Monaghan
|
0-0: Ball 1-0: Ball 2-0: Called Strike 2-1: Fly out, F8 (Flyball, 8RM)
|
Batting: RHB Manuel Becerra
|
0-0: Ball 1-0: Foul Ball, location: 2F 1-1: Ball 2-1: Foul Ball, location: 2F 2-2: Fly out, F9 (Flyball, 9M)
|
Bottom of the 3rd over - 0 run(s), 0 hit(s), 0 error(s), 0 left on base; Scranton 0 - Port Royal 0 |
TOP OF THE 4TH |
Scranton Supernovas batting - Pitching for Port Royal Disaster : LHP Wayne Downey
|
Batting: RHB Ethan Stanford
|
0-0: Ball 1-0: SOLO HOME RUN (Line Drive, 7D), Distance : 387 ft
|
Batting: RHB Martín Álvarez
|
0-0: Swinging Strike 0-1: Ball 1-1: Fly out, F8 (Flyball, 8RD)
|
Batting: RHB Brad Jacobson
|
0-0: Called Strike 0-1: Ball 1-1: Ball 2-1: Called Strike 2-2: Ball 3-2: Strikes out looking
|
Batting: LHB Francisco Ortega
|
0-0: Called Strike 0-1: Ball 1-1: Fly out, F4 (Popup, 34)
|
Top of the 4th over - 1 run(s), 1 hit(s), 0 error(s), 0 left on base; Scranton 1 - Port Royal 0 |
BOTTOM OF THE 4TH |
Port Royal Disaster batting - Pitching for Scranton Supernovas : RHP Victor Brey
|
Batting: RHB Sergio Martínez
|
0-0: Ball 1-0: Fly out, F6 (Popup, 8RS)
|
Batting: RHB David Gómez
|
0-0: Ball 1-0: Ball 2-0: Ball 3-0: Called Strike 3-1: Foul Ball, location: 2F 3-2: Strikes out swinging
|
Batting: LHB Jason Potter
|
0-0: Ball 1-0: Fly out, F8 (Line Drive, 8RD)
|
Bottom of the 4th over - 0 run(s), 0 hit(s), 0 error(s), 0 left on base; Scranton 1 - Port Royal 0 |
TOP OF THE 5TH |
Scranton Supernovas batting - Pitching for Port Royal Disaster : LHP Wayne Downey
|
Batting: RHB Henrique Shearman
|
0-0: Called Strike 0-1: Ball 1-1: Ball 2-1: Foul Ball, location: 2F 2-2: Strikes out swinging
|
Batting: LHB Neal Hart
|
0-0: Foul Ball, location: 2F 0-1: Swinging Strike 0-2: Ball 1-2: Ball 2-2: Foul Ball, location: 2F 2-2: Strikes out swinging
|
Batting: RHB Chris Henderson
|
0-0: Ball 1-0: Foul Ball, location: 2F 1-1: Ball 2-1: Foul Ball, location: 2F 2-2: Ball 3-2: Foul Ball, location: 2F 3-2: Strikes out swinging
|
Top of the 5th over - 0 run(s), 0 hit(s), 0 error(s), 0 left on base; Scranton 1 - Port Royal 0 |
BOTTOM OF THE 5TH |
Port Royal Disaster batting - Pitching for Scranton Supernovas : RHP Victor Brey
|
Batting: RHB José Carlos Pérez
|
0-0: Ball 1-0: Fly out, F8 (Line Drive, 8RM)
|
Batting: RHB Ronnie Cleveland
|
0-0: Ball 1-0: Ground out 6-3 (Groundball, 6)
|
Batting: RHB David McJannett
|
0-0: SINGLE (Flyball, 8RS)
|
Batting: RHB Brandon Cooper
|
0-0: Ball 1-0: Swinging Strike 1-1: Fly out, F9 (Flyball, 9D)
|
Bottom of the 5th over - 0 run(s), 1 hit(s), 0 error(s), 1 left on base; Scranton 1 - Port Royal 0 |
TOP OF THE 6TH |
Scranton Supernovas batting - Pitching for Port Royal Disaster : LHP Wayne Downey
|
Batting: LHB Tony Vega
|
0-0: Ball 1-0: Ball 2-0: Ball 3-0: Base on Balls
|
Batting: SHB Alonso Solís
|
0-0: Reached on error, E1 (Groundball, 13S) Tony Vega to third
|
Batting: RHB Ethan Stanford
|
0-0: Intentional Walk
|
Batting: RHB Martín Álvarez
|
0-0: SINGLE (Line Drive, 6) Tony Vega scores Alonso Solís to third Ethan Stanford to second Runner from 3rd tries for Home, SAFE, throw made at trailing runner, SAFE at third!
|
Batting: RHB Brad Jacobson
|
0-0: Ball 1-0: Foul Ball, location: 2F 1-1: Ball 2-1: Foul Ball, location: 2F 2-2: Foul Ball, location: 2F 2-2: SINGLE (Flyball, 8LM) Ethan Stanford scores Martín Álvarez to second
|
Batting: LHB Francisco Ortega
|
0-0: Bunted foul 0-1: Sac Bunt - play at first, batter OUT! 1-4 Martín Álvarez to third Brad Jacobson to second
|
Batting: RHB Henrique Shearman
|
0-0: Intentional Walk
|
Pitching: LHP António Venegas
|
|
Batting: LHB Neal Hart
|
0-0: Ball 1-0: Ball 2-0: Called Strike 2-1: Ball 3-1: Foul Ball, location: 2F 3-2: Base on Balls Martín Álvarez scores Brad Jacobson to third Henrique Shearman to second
|
Batting: RHB Chris Henderson
|
0-0: Foul Ball, location: 2F 0-1: Foul Ball, location: 2F 0-2: Ball 1-2: SINGLE (Groundball, 56) Brad Jacobson scores Henrique Shearman to third Neal Hart to second
|
Batting: LHB Tony Vega
|
0-0: Fly out, F8 (Flyball, 8LM) Runner from 3rd tags up, SCORES, throw made
|
Batting: SHB Alonso Solís
|
0-0: Ball 1-0: Called Strike 1-1: Fly out, F8 (Flyball, 8RXD)
|
Top of the 6th over - 6 run(s), 3 hit(s), 1 error(s), 2 left on base; Scranton 7 - Port Royal 0 |
BOTTOM OF THE 6TH |
Port Royal Disaster batting - Pitching for Scranton Supernovas : RHP Victor Brey
|
Batting: RHB Mark O'Monaghan
|
0-0: Called Strike 0-1: Ball 1-1: Ground out 6-3 (Groundball, 6)
|
Batting: RHB Manuel Becerra
|
0-0: Foul Ball, location: 2F 0-1: Swinging Strike 0-2: Ball 1-2: Ball 2-2: Ball 3-2: Ground out 6-3 (Groundball, 6)
|
Batting: RHB Sergio Martínez
|
0-0: Foul Ball, location: 2F 0-1: Swinging Strike 0-2: Hit by Pitch
|
Batting: RHB David Gómez
|
0-0: Fielders Choice at 2nd, 5-4 (Groundball, 56)
|
Bottom of the 6th over - 0 run(s), 0 hit(s), 0 error(s), 0 left on base; Scranton 7 - Port Royal 0 |
TOP OF THE 7TH |
Scranton Supernovas batting - Pitching for Port Royal Disaster : LHP António Venegas
|
Batting: RHB Ethan Stanford
|
0-0: Called Strike 0-1: Called Strike 0-2: Foul Ball, location: 2F 0-2: Ground out 5-3 (Groundball, 5L)
|
Batting: RHB Martín Álvarez
|
0-0: Ball 1-0: Called Strike 1-1: Hit by Pitch
|
Batting: RHB Brad Jacobson
|
0-0: SINGLE (Line Drive, 4D) Martín Álvarez to second
|
Batting: LHB Francisco Ortega
|
0-0: Called Strike 0-1: Foul Ball, location: 2F 0-2: Ball 1-2: Ground out 4-3 (Groundball, 4M) Martín Álvarez to third Brad Jacobson to second
|
Batting: RHB Henrique Shearman
|
0-0: Ball 1-0: Foul Ball, location: 2F 1-1: Ball 2-1: Ground out 3-1 (Groundball, 34S)
|
Top of the 7th over - 0 run(s), 1 hit(s), 0 error(s), 2 left on base; Scranton 7 - Port Royal 0 |
BOTTOM OF THE 7TH |
Port Royal Disaster batting - Pitching for Scranton Supernovas : RHP Victor Brey
|
Batting: LHB Jason Potter
|
0-0: Called Strike 0-1: Swinging Strike 0-2: Ball 1-2: SINGLE (Groundball, 34)
|
Batting: RHB José Carlos Pérez
|
0-0: Called Strike 0-1: Ball 1-1: Ball 2-1: Ball 3-1: Foul Ball, location: 2F 3-2: Strikes out swinging
|
Batting: RHB Ronnie Cleveland
|
0-0: Ball 1-0: Called Strike 1-1: Foul Ball, location: 2F 1-2: Ball 2-2: Foul Ball, location: 2F 2-2: Fly out, F5 (Popup, 5L)
|
Batting: RHB David McJannett
|
0-0: Ball 1-0: Foul Ball, location: 2F 1-1: Ground out 5-3 (Groundball, 5S)
|
Bottom of the 7th over - 0 run(s), 1 hit(s), 0 error(s), 1 left on base; Scranton 7 - Port Royal 0 |
TOP OF THE 8TH |
Scranton Supernovas batting - Pitching for Port Royal Disaster : LHP António Venegas
|
Batting: LHB Neal Hart
|
0-0: Ball 1-0: Foul Ball, location: 2F 1-1: Called Strike 1-2: Ground out 6-3 (Groundball, 6)
|
Batting: RHB Chris Henderson
|
0-0: Foul Ball, location: 2F 0-1: Fly out, F8 (Flyball, 8RD)
|
Batting: LHB Tony Vega
|
0-0: Ball 1-0: Foul Ball, location: 2F 1-1: Ball 2-1: SINGLE (Line Drive, 7S)
|
Batting: SHB Alonso Solís
|
0-0: Ball Passed Ball! Tony Vega to second 1-0: Foul Ball, location: 2F 1-1: Foul Ball, location: 2F 1-2: Ball 2-2: Ball 3-2: Fly out, F6 (Popup, 6D)
|
Top of the 8th over - 0 run(s), 1 hit(s), 0 error(s), 1 left on base; Scranton 7 - Port Royal 0 |
BOTTOM OF THE 8TH |
Port Royal Disaster batting - Pitching for Scranton Supernovas : RHP Victor Brey
|
Now at 2B: Neil Nash
|
|
Batting: RHB Brandon Cooper
|
0-0: Ball 1-0: Foul Ball, location: 2F 1-1: Ball 2-1: Foul Ball, location: 2F 2-2: Ball 3-2: Foul Ball, location: 2F 3-2: Ground out 4-3 (Groundball, 4)
|
Batting: RHB Mark O'Monaghan
|
0-0: Called Strike 0-1: Fly out, F8 (Flyball, 8RM)
|
Batting: RHB Manuel Becerra
|
0-0: SINGLE (Line Drive, 56)
|
Batting: RHB Sergio Martínez
|
0-0: Ball 1-0: Called Strike 1-1: Ball 2-1: Ball 3-1: SINGLE (Line Drive, 8RS) Manuel Becerra to second
|
Batting: RHB David Gómez
|
0-0: Swinging Strike 0-1: Ball 1-1: Ball 2-1: Foul Ball, location: 2F 2-2: Fielders Choice at 2nd, U4 (Groundball, 4M)
|
Bottom of the 8th over - 0 run(s), 2 hit(s), 0 error(s), 2 left on base; Scranton 7 - Port Royal 0 |
TOP OF THE 9TH |
Scranton Supernovas batting - Pitching for Port Royal Disaster : LHP António Venegas
|
Pitching: RHP Jim Unknown
|
|
Batting: RHB Ethan Stanford
|
0-0: Ball 1-0: Called Strike 1-1: Foul Ball, location: 2F 1-2: SINGLE (Groundball, 6MD)
|
Batting: RHB Martín Álvarez
|
0-0: Foul Ball, location: 2F 0-1: Fly out, F7 (Flyball, 7S)
|
Batting: RHB Brad Jacobson
|
0-0: Ball 1-0: Called Strike 1-1: Foul Ball, location: 2F 1-2: Ball 2-2: Ball 3-2: Ground out 5-3 (Groundball, 56S) Ethan Stanford to second
|
Batting: LHB Francisco Ortega
|
0-0: Called Strike 0-1: Ball 1-1: Called Strike 1-2: Fly out, F9 (Line Drive, 9LM)
|
Top of the 9th over - 0 run(s), 1 hit(s), 0 error(s), 1 left on base; Scranton 7 - Port Royal 0 |
BOTTOM OF THE 9TH |
Port Royal Disaster batting - Pitching for Scranton Supernovas : RHP Victor Brey
|
Now at C: Steven Johnson
|
|
Now in LF: Mark Evans
|
|
Batting: LHB Jason Potter
|
0-0: Ball 1-0: Fly out, F8 (Flyball, 8RM)
|
Pitching: RHP Cor Snel
|
|
Batting: RHB José Carlos Pérez
|
0-0: Called Strike 0-1: Ground out 5-3 (Groundball, 56)
|
Batting: RHB Ronnie Cleveland
|
0-0: Ball 1-0: Called Strike 1-1: Ball 2-1: Called Strike 2-2: Ball 3-2: Base on Balls
|
Batting: RHB David McJannett
|
0-0: Called Strike 0-1: Fly out, F7 (Line Drive, 7S)
|
Bottom of the 9th over - 0 run(s), 0 hit(s), 0 error(s), 1 left on base; Scranton 7 - Port Royal 0 |
|